 Dungeon Crawl Stone Soup version 0.22-a0-553-g9358b0b (webtiles) character file.

50 Amnesiac the Cutter (level 3, -1/19 HPs)
             Began as a Vine Stalker Fighter on June 25, 2018.
             Slain by a scorpion (2 damage)
             ... on level 4 of the Dungeon.
             The game lasted 00:01:12 (563 turns).

Amnesiac the Cutter (Vine Stalker Fighter)           Turns: 563, Time: 00:01:13

Health: -1/19      AC:  7    Str: 19    XL:     3   Next: 79%
Magic:  0/4        EV:  7    Int:  8    God:
Gold:   88         SH:  9    Dex: 13    Spells: 2/2 levels left

rFire    . . .     SeeInvis .   a - +0 rapier
rCold    . . .     Gourm    .   c - +0 shield
rNeg     . . .     Faith    .   b - +0 scale mail
rPois    .         Spirit   +   (no helmet)
rElec    .         Reflect  .   (no cloak)
rCorr    .         Harm     .   j - +0 pair of gloves
MR       .....                  (no boots)
Stlth    ..........             (no amulet)
HPRegen  0.06/turn              (no ring)
MPRegen  0.09/turn              (no ring)

@: no status effects
A: fangs 2, magic shield, antimagic bite, no potion heal 3, rot immunity
a: no special abilities


You were on level 4 of the Dungeon.
You were not hungry.

You visited 1 branch of the dungeon, and saw 4 of its levels.

You collected 88 gold pieces.

Inventory:

Hand Weapons
 a - a +0 rapier (weapon)
Armour
 b - a +0 scale mail (worn)
 c - a +0 shield (worn)
 j - a +0 pair of gloves (worn)
Jewellery
 i - a +1 ring of slaying {unknown}
Scrolls
 e - a scroll of noise {!r, unknown}
 h - a scroll of enchant armour {!r, unknown}
Potions
 d - a potion of might {!q}
Comestibles
 f - 3 rations
 g - 2 chunks of flesh


   Skills:
 - Level 2.6 Fighting
 * Level 3.1 Short Blades
 - Level 2.4 Armour
 + Level 1.3 Dodging
 - Level 2.6 Shields


You had 2 spell levels left.
You didn't know any spells.
Your spell library was empty.

Dungeon Overview and Level Annotations

Branches:
Dungeon (4/15)
 Temple: D:4-7

Altars:
Cheibriados


Innate Abilities, Weirdness & Mutations

You have extremely sharp teeth.
When hurt, damage is shared between your health and your magic reserves.
Your bite disrupts and absorbs the magic of your enemies.
Potions cannot restore your health.
You are immune to rotting.


Message History

You hit the worker ant but do no damage.
You bite the worker ant, but do no damage.
The worker ant barely misses you.
Your shield prevents you from hitting the worker ant.
You bite the worker ant, but do no damage.
You block the worker ant's attack.
You hit the worker ant.
The worker ant is moderately wounded.
The worker ant bites you.
The worker ant bites you but does no damage.
Your shield prevents you from hitting the worker ant.
You bite the worker ant. You drain its power.
The worker ant is heavily wounded.
The worker ant bites you but does no damage.
You closely miss the worker ant.
The worker ant is heavily wounded.
The worker ant bites you but does no damage. x2
You hit the worker ant. You bite the worker ant. You drain its power.
The worker ant is almost dead.
The worker ant bites you but does no damage.
Your shield and scale mail prevent you from hitting the worker ant.
The worker ant is almost dead.
The worker ant closely misses you.
You hit the worker ant but do no damage.
The worker ant is almost dead.
You block the worker ant's attack.
The worker ant bites you but does no damage.
You hit the worker ant.
You kill the worker ant!
Your Short Blades skill increases to level 3!
You see here a worker ant corpse.
You butcher the worker ant corpse.
g - 2 chunks of flesh You start resting.
HP restored.
Found a stone staircase leading down.
A scorpion comes into view.
A scorpion is nearby!
You hit the scorpion.
You bite the scorpion, but do no damage.
The scorpion is moderately wounded.
You block the scorpion's attack.
You hit the scorpion.
The scorpion is heavily wounded.
The scorpion closely misses you.
Your shield and scale mail prevent you from hitting the scorpion.
The scorpion is heavily wounded.
The scorpion stings you!
You hit the scorpion.
The scorpion is severely wounded.
The scorpion barely misses you.
You closely miss the scorpion.
The scorpion is severely wounded.
The scorpion stings you!
* * * LOW HITPOINT WARNING * * *
You hit the scorpion.
The scorpion is almost dead.
The scorpion stings you.
* * * LOW HITPOINT WARNING * * *
You hit the scorpion but do no damage.
You bite the scorpion, but do no damage.
The scorpion is almost dead.
The scorpion stings you.
You die...

.........#
##....##
.........## #...#
..........# .###
#.........#
#.........# #
##........# .#
##.......#####..##
#.......##......#
##........@s.#
#........####
##.....###
>......# ..##....#
## ##..## ###


You could see a scorpion.

Vanquished Creatures
  A worker ant (D:4)
  An adder (D:3)
  6 bats (D:1)
  2 goblins (D:1)
  4 jackals (D:1)
  A frilled lizard (D:3)
  A kobold (D:4)
  3 rats
19 creatures vanquished.

Notes
Turn   | Place    | Note
-------+----------+-------------------------------------------
     0 | D:1      | Amnesiac the Vine Stalker Fighter began the quest for the Orb.
     0 | D:1      | Reached XP level 1. HP: 11/11 MP: 2/2
    37 | D:1      | Reached skill level 2 in Short Blades
   195 | D:1      | Reached XP level 2. HP: 16/16 MP: 3/3
   278 | D:2      | Found a snail-covered altar of Cheibriados.
   313 | D:3      | Reached skill level 1 in Dodging
   313 | D:3      | Reached XP level 3. HP: 13/19 MP: 4/4
   527 | D:4      | Reached skill level 3 in Short Blades
   554 | D:4      | Noticed a scorpion
   563 | D:4      | Slain by a scorpion

Vault maps used:
D:1:      dpeg_arrival_subterranean_lakeside_camping
D:2:      cheibrodos_helix_gallery, grunt_temple_overflow_forces_of_nature,
          old_standard_altar, cheibriados_altar_1, uniq_sigmund
D:3:      elyvilon_altar_3, overflow_temple_1_default, palyth_stone_intersect
D:4:      serial_shops, nicolae_shop_statue_plus

Skill      XL: |  1  2  3 |
---------------+----------+-----
Short Blades   | 2 3 |  3.1
Dodging        | 1 |  1.3
Fighting       | |  2.6
Armour         | |  2.4
Shields        | |  2.6

Action                   || total
-------------------------++-------
Melee: Rapier            ||    78
       Bite              ||    19
Armor: Scale mail        ||    57
Dodge: Dodged            ||    27
Block: Shield            ||    57

Table legend:
 A = Spawn XP
 B = Non-spawn XP
 C = Spawn XP percentage of total XP
 D = Spawn monster count
 E = Non-spawn monster count
 F = Spawn count percentage of total count
 G = Total turns spent on level
                    A         B        C        D         E        F      G
               +---------+---------+-------+---------+---------+-------+---------
         Total |       0 |      72 |   0.0 |       0 |      19 |   0.0 |   563
               +---------+---------+-------+---------+---------+-------+---------
           D:1 |       0 |      22 |   0.0 |       0 |      14 |   0.0 |   270
           D:3 |       0 |      14 |   0.0 |       0 |       2 |   0.0 |   185
           D:4 |       0 |      36 |   0.0 |       0 |       3 |   0.0 |    80
               +---------+---------+-------+---------+---------+-------+---------
